 Dungeon Crawl Stone Soup version 0.29.1-12-g30fa7ad0bf (webtiles) character file.

Game seed: 12410479234536266819

3140 javelincjr the Cleaver (level 9, -7/78 HPs)
             Began as a Hill Orc Fighter on Jan 5, 2023.
             Killed from afar by an electric eel (8 damage)
             ... with a bolt of electricity
             ... in a bailey.
             The game lasted 00:34:08 (6659 turns).

javelincjr the Cleaver (Hill Orc Fighter)           Turns: 6659, Time: 00:34:09

Health: -7/78      AC: 16    Str: 19    XL:     9   Next: 92%
Magic:  0/8        EV:  6    Int:  8    God:
Gold:   351        SH:  5    Dex: 14    Spells: 7/8 levels left

rFire   + . .      SeeInvis .   a - +1 war axe (flame)
rCold   + . .      Faith    .   c - +0 buckler
rNeg    . . .      Spirit   +   q - +0 plate armour
rPois   .          Reflect  .   (no helmet)
rElec   .          Harm     .   H - scarf {rC+ rF+}
rCorr   .          Rampage  .   (no gloves)
Will    +....                   v - +2 pair of boots
Stlth   ..........              u - amulet of guardian spirit
HPRegen 0.23/turn               o - ring of willpower
MPRegen 0.11/turn               (no ring)

@: no status effects
A: low MP 1, wild magic 1
a: no special abilities


You were in a bailey.
You visited 1 branch of the dungeon, and saw 7 of its levels.
You also visited: Ossuary and Bailey.

You collected 351 gold pieces.

Inventory:

Hand Weapons
 a - a +1 war axe of flaming (weapon)
 b - a +1 dagger of flaming
 f - a +3 whip
 k - the +3 sling "Tacog" {flame, rPois Dex+3}
   (You found it on level 7 of the Dungeon)

   Any ammunition fired from it burns those it strikes, dealing additional fire
   damage.
   Dex:       It affects your dexterity (+3).
   rPois:     It protects you from poison.
 n - a +0 dagger of holy wrath
 s - a +1 short sword of draining
 x - the +7 dagger "Kalesaigg" {vamp, rElec rPois Dex+3}
   (You found it on level 6 of the Dungeon)

   It occasionally heals its wielder for a portion of the damage dealt when it
   wounds a living foe.
   Dex:       It affects your dexterity (+3).
   rElec:     It insulates you from electricity.
   rPois:     It protects you from poison.
 y - a +0 longbow
 N - a +2 dagger of speed
Missiles
 t - 30 poisoned darts (quivered)
 w - a curare-tipped dart
Armour
 c - a +0 buckler (worn)
 q - a +0 plate armour (worn)
 v - a +2 pair of boots (worn)
 H - a scarf of resistance (worn)
 I - a +2 chain mail of cold resistance
 Q - the +1 robe of the Onion {Str+9}
   (You found it in an ossuary)

   Str:       It affects your strength (+9).
 S - a +2 cloak
Magical Staves
 h - a staff of fire
Jewellery
 o - a ring of willpower (left hand)
 u - an amulet of guardian spirit (around neck)
 K - a ring of wizardry
Wands
 D - a wand of roots (8)
Scrolls
 d - a scroll of brand weapon
 e - 4 scrolls of identify
 i - 3 scrolls of poison
 j - 3 scrolls of fear
 p - a scroll of amnesia
 r - 2 scrolls of teleportation
 F - 2 scrolls of blinking
 G - a scroll of fog
 J - 4 scrolls of immolation {unknown}
 M - 2 scrolls of enchant armour
Potions
 g - a potion of flight
 l - a potion of invisibility
 z - 2 potions of heal wounds
 A - a potion of brilliance {unknown}
 B - 3 potions of attraction
 C - a potion of magic {unknown}
 E - 3 potions of berserk rage {unknown}
 L - 2 potions of ambrosia {unknown}
 R - a potion of curing


   Skills:
 + Level 6.8 Fighting
 + Level 1.3 Short Blades
 + Level 12.3 Axes
 + Level 2.9 Throwing
 + Level 7.1 Armour
 + Level 1.4 Dodging
 + Level 0.8 Stealth
 + Level 5.6 Shields
 + Level 0.2 Spellcasting
 + Level 0.3 Conjurations


You had 7 spell levels left.
You knew the following spells:

 Your Spells              Type           Power      Damage    Failure   Level
a - Magic Dart            Conj           0%         1d3       100%        1

Your spell library contained the following spells:

 Spells                   Type           Power      Damage    Failure   Level
 Call Imp                 Summ           0%         N/A       100%        2
 Sublimation of Blood     Necr           0%         N/A       100%        2
 Mephitic Cloud           Conj/Pois/Air  0%         N/A       100%        3
 Petrify                  Tmut/Erth      0%         N/A       100%        4
 Irradiate                Conj/Tmut      0%         3d11      100%        5


Dungeon Overview and Level Annotations

Branches:
Dungeon (7/15)             Temple (0/1) D:7         Ossuary (visited)
 Bailey (1/1)

Altars:
Kikubaaqudgha
Nemelex Xobeh
Yredelemnul

Shops:
D:2 =   D:4 (

Annotations:
D:7 Pikel


Innate Abilities, Weirdness & Mutations

Your magical capacity is low. (-10% MP)
Your spells are a little harder to cast, but a little more powerful.


Message History

a +0 war axe; a +0 scale mail
There is an open door, spattered with blood here.
Things that are here:
a +0 war axe; a +0 chain mail; an orc skeleton You open the door.
There is an open door here.
An electric eel comes into view.
You enter the shallow water.
Moving in this stuff is going to be slow.
An electric eel comes into view.
The electric eel shoots out a bolt of lightning at you!
The bolt of electricity hits you.
The electric eel shoots out a bolt of lightning at you!
The bolt of electricity hits you.
The electric eel shoots out a bolt of lightning at you!
The bolt of electricity hits you!
Your unstable footing causes you to fumble your attack.
The electric eel shoots out a bolt of lightning at you!
The bolt of electricity hits you!
Your unstable footing causes you to fumble your attack.
The electric eel shoots out a bolt of lightning at you!
The bolt of electricity hits you!
The electric eel shoots out a bolt of lightning at you!
The bolt of electricity misses you.
Your unstable footing causes you to fumble your attack.
The electric eel shoots out a bolt of lightning at you!
The bolt of electricity hits you!
The electric eel shoots out a bolt of lightning at you!
The bolt of electricity misses you.
The electric eel shoots out a bolt of lightning at you!
The bolt of electricity hits you!
The electric eel shoots out a bolt of lightning at you!
The bolt of electricity hits you!!
* * * LOW HITPOINT WARNING * * *
The electric eel shoots out a bolt of lightning at you!
The bolt of electricity hits you!
* * * LOW HITPOINT WARNING * * *
The electric eel shoots out a bolt of lightning at you!
The bolt of electricity hits you!
You die...

≈≈≈ #..... ≈≈≈~
#####'' ≈≈≈~ #......
≈~. #..)...
#.##############...###
#....#)...)).8.8.8.#
#....)....)#)......#
#+#..###############
#..@............
####~~~~S~~~~~~~
≈≈≈≈≈S≈≈≈≈≈≈≈≈≈≈
≈≈≈≈≈≈≈≈≈≈≈≈≈≈≈≈≈
≈≈≈≈≈≈≈≈≈≈≈≈≈≈≈≈≈≈
≈≈≈≈≈≈≈≈≈≈≈≈≈≈≈≈≈≈
≈≈≈≈≈≈≈≈≈≈≈≈≈≈≈≈≈≈
≈≈≈≈≈≈≈≈≈≈≈≈≈≈≈≈≈≈
≈≈≈≈≈≈≈≈≈≈≈≈≈≈≈≈


You could see 2 electric eels.

Vanquished Creatures
  Grinder (D:4)
  Sigmund (D:2)
  A vampire (D:6)
  Menkaure (D:6)
  Duvessa (D:7)
  A sky beast (D:6)
  3 orc warriors (Bailey)
  A black bear (D:6)
  An ogre (D:5)
  2 phantoms
  Blork the orc (D:4)
  2 kobold brigands
  3 bullfrogs
  A necrophage (D:6)
  4 scorpions
  A wight (Ossuary)
  Dowan (D:7)
  2 howler monkeys (D:7)
  A human zombie (Ossuary)
  A bullfrog zombie (Ossuary)
  3 centaur zombies (Ossuary)
  2 hounds
  2 jellies
  2 orc priests
  3 iguanas
  4 orc wizards
  A scorpion zombie (Ossuary)
  An ogre zombie (Ossuary)
  6 adders
  8 gnolls
  A howler monkey skeleton (D:6)
  A shadow imp (D:6)
  4 adder zombies (Ossuary)
  2 dart slugs
  2 worms
  14 orcs
  5 bats
  2 endoplasms
  A giant cockroach (D:2)
  14 hobgoblins
  38 kobolds
  4 quokkas
  10 ball pythons
  5 frilled lizards
  2 gnoll zombies (Ossuary)
  8 goblins
  3 goblin zombies (Ossuary)
  A hobgoblin zombie (Ossuary)
  3 orc zombies (Ossuary)
  9 rats
191 creatures vanquished.

Vanquished Creatures (others)
  A fungus (D:6)
  65 plants (D:4)
66 creatures vanquished.

Grand Total: 257 creatures vanquished

Notes
Turn   | Place    | Note
-------+----------+-------------------------------------------
     0 | D:1      | javelincjr the Hill Orc Fighter began the quest for the
                  | Orb.
     0 | D:1      | Reached XP level 1. HP: 19/19 MP: 1/1
   157 | D:1      | Reached XP level 2. HP: 27/27 MP: 2/2
   230 | D:1      | Reached skill level 3 in Axes
   343 | D:1      | Reached XP level 3. HP: 32/33 MP: 3/3
   370 | D:1      | Learned a level 1 spell: Magic Dart
   464 | D:1      | Found a faded altar of an unknown god.
   617 | D:2      | Found a sparkling altar of Nemelex Xobeh.
   762 | D:2      | Found Giub's Jewellery Boutique.
   979 | D:2      | Noticed Sigmund
   990 | D:2      | Killed Sigmund
   991 | D:2      | Reached skill level 5 in Axes
   991 | D:2      | Reached XP level 4. HP: 22/40 MP: 4/4
   991 | D:2      | Reached XP level 5. HP: 25/46 MP: 5/5
  1925 | D:3      | Reached XP level 6. HP: 50/52 MP: 6/6
  1940 | D:3      | Reached skill level 6 in Axes
  2628 | D:4      | Noticed Grinder
  2631 | D:4      | Paralysed by Grinder for 3 turns
  2639 | D:4      | Gained mutation: You have a pair of small horns on your
                  | head. [potion of mutation]
  2640 | D:4      | Paralysed by Grinder for 2 turns
  2650 | D:4      | Killed Grinder
  2651 | D:4      | Reached skill level 7 in Axes
  2651 | D:4      | Reached skill level 1 in Throwing
  2651 | D:4      | Reached skill level 1 in Dodging
  2651 | D:4      | Reached XP level 7. HP: 15/60 MP: 7/7
  2802 | D:4      | Noticed Blork the orc
  2821 | D:4      | Killed Blork the orc
  2869 | D:4      | Reached skill level 5 in Fighting
  2869 | D:4      | Reached skill level 5 in Armour
  3138 | D:4      | Reached skill level 8 in Axes
  3198 | D:4      | Reached XP level 8. HP: 65/68 MP: 8/8
  3690 | D:4      | Found Weosch's Weapon Shoppe.
  3779 | D:5      | Entered Level 5 of the Dungeon
  4627 | D:6      | Reached skill level 9 in Axes
  4800 | D:6      | Identified the +7 dagger "Kalesaigg" {vamp, rElec rPois
                  | Dex+3}
  4814 | D:6      | Found a transporter.
  4817 | D:6      | Noticed Menkaure
  4825 | D:6      | Noticed a vampire
  4859 | D:6      | Found a basalt altar of Yredelemnul.
  4859 | D:6      | Found an ancient bone altar of Kikubaaqudgha.
  4872 | D:6      | Killed a vampire
  4879 | D:6      | Killed Menkaure
  4880 | D:6      | Reached skill level 10 in Axes
  4889 | D:6      | Found a transporter.
  5001 | D:6      | Reached XP level 9. HP: 44/75 MP: 9/9
  5037 | D:6      | Found a sand-covered staircase.
  5106 | Ossuary  | Entered an ossuary
  5268 | Ossuary  | Noticed a silent spectre
  5288 | Ossuary  | Identified the +1 robe of the Onion {Str+9}
  5471 | D:6      | Lost mutation: You have a pair of small horns on your head.
                  | [potion of mutation]
  5471 | D:6      | Gained mutation: Your spells are a little harder to cast,
                  | but a little more powerful. [potion of mutation]
  5471 | D:6      | Gained mutation: Your magical capacity is low. (-10% MP)
                  | [potion of mutation]
  5597 | D:6      | Reached skill level 5 in Shields
  5664 | D:6      | Reached skill level 11 in Axes
  5939 | D:7      | Noticed Dowan
  5941 | D:7      | Noticed Duvessa
  5946 | D:7      | Killed Dowan
  5954 | D:7      | Killed Duvessa
  6032 | D:7      | Identified the +3 sling "Tacog" {flame, rPois Dex+3}
  6049 | D:7      | Found a flagged portal.
  6050 | D:7      | Reached skill level 1 in Short Blades
  6059 | D:7      | Noticed Pikel
  6071 | Bailey   | Entered a bailey
  6183 | Bailey   | Reached skill level 12 in Axes
  6659 | Bailey   | HP: 1/78 [electric eel/bolt of electricity (8)]
  6659 | Bailey   | Killed from afar by an electric eel

Illustrated notes

Levels and vault maps discovered:
D:1:      saegor_arrival_under_anarchy, layout_basic,
          hellmonk_ecumenical_altar_leap_of_faith, minmay_small_reverse_x
D:2:      layout_basic, basic_altar, serial_shops, shop, uniq_sigmund
D:3:      layout_basic, minmay_close_crescents
D:4:      kennysheep_kobold_camp, layout_rooms, serial_shops,
          nicolae_shop_advertising_works [nicolae_subvault_shop_adworks],
          uniq_grinder, uniq_blork_the_orc
D:5:      layout_basic, chequers_hall_statues_corner_a
D:6:      layout_cave_pods, gammafunk_temple_of_torment,
          nicolae_ossuary_entry_false_entrances, dreamdust_gnoll_farm,
          uniq_menkaure
D:7:      layout_basic, good_gods_temple_1, minmay_temple_entry_mini_moons,
          enter_bailey_4, uniq_duvessa, uniq_joseph, uniq_pikel
Bailey:   bailey_axe_of_yendor_kennysheep, bailey

Skill      XL: |  1  2  3  4  5  6  7  8  9 |
---------------+----------------------------+-----
Axes           | 3 5 7 8 10 12 | 12.3
Fighting       | 4 5 6 |  6.8
Armour         | 4 5 6 7 |  7.1
Shields        | 4 5 |  5.6
Throwing       | 1 2 |  2.9
Dodging        | 1 |  1.4
Short Blades   | 1 |  1.3
Stealth        | |  0.8
Spellcasting   | |  0.2
Conjurations   | |  0.3

Action                   |  1- 3 |  4- 6 |  7- 9 || total
-------------------------+-------+-------+-------++-------
Melee: War axe           |    73 |   100 |   281 ||   454
       Headbutt          |       |     1 |    32 ||    33
       Dagger            |       |       |    55 ||    55
Throw: Stone             |     4 |    10 |       ||    14
       Boomerang         |       |     6 |    42 ||    48
       Dart              |       |       |     3 ||     3
 Cast: Magic Dart        |     1 |       |       ||     1
  Use: Potion            |     1 |     2 |     4 ||     7
       Scroll            |       |    13 |     3 ||    16
Armor: Scale mail        |    45 |    36 |       ||    81
       Chain mail        |       |     8 |    28 ||    36
       Skin              |       |       |     7 ||     7
       Plate armour      |       |       |   182 ||   182
Dodge: Dodged            |    35 |    37 |    94 ||   166
Block: Buckler           |    16 |    19 |    81 ||   116
